cohdb
Replays
Latest Replays
All Replays
Popular Replays
Top Player Replays
Match Explorer
How It Works
Community
CoH3 Stats
Reddit
Sign in to upload your games and track your stats! →
Sign in with Steam
Match 43449985
Unlisted
Match 43449985
Overview
Messages
Build Orders
End
Panzergrenadier Squad
Selects Italian Infantry
Kradschützen Motorcycle Team
Panzergrenadier Squad
Construct Light Support Kompanie
Construct Light Support Kompanie
Fire Support Elements
Panzergrenadier Squad
Selects Defensive Operations
Flakvierling Half-track
Veteran Squad Leaders
2.5-tonne Medical Truck
Selects Prepared Positions
Forward Retreat Point
Construct Panzerarmee Kommand
Panzer III L Medium Tank
Selects Guastatori Squad
Selects Registered Artillery
Emergency Repair Kits
Armored Reserves
Selects Towed Cannone da 105/28 Field Howitzer
Selects Towed Cannone da 105/28 Field Howitzer
jugo
Zerg6412
simranjitsingh713
DoMxNightM4rE
ElZocko
💧CheckO ||30|| FpS💧
0
0
Comments
sign in to comment!
No comments posted yet!